 Dungeon Crawl Stone Soup version 0.24.0-28-g17ded55e90 (webtiles) character file.

Game seed: 8208165554994294963, levelgen mode: deterministic

165 Nattfarinn the Digger (level 5, -2/31 HPs)
             Began as a Gargoyle Earth Elementalist on Nov 12, 2019.
             Slain by Crazy Yiuf
             ... wielding a +4 quarterstaff of chaos
              (9 damage)
             ... on level 2 of the Dungeon.
             The game lasted 00:03:19 (2391 turns).

Nattfarinn the Digger (Gargoyle Earth Elementalist) Turns: 2391, Time: 00:03:19

Health: -2/31      AC:  6    Str: 12    XL:     5   Next: 46%
Magic:  4/9        EV: 12    Int: 16    God:
Gold:   66         SH:  0    Dex: 10    Spells: 9/10 levels left

rFire    . . .     SeeInvis .   n - +0 hand axe (chop)
rCold    . . .     Gourm    .   (no shield)
rNeg     + . .     Faith    .   c - +0 robe
rPois    ∞         Spirit   .   (no helmet)
rElec    +         Reflect  .   (no cloak)
rCorr    .         Harm     .   (no gloves)
MR       .....                  (no boots)
Stlth    ++........             (no amulet)
HPRegen  0.10/turn              (no ring)
MPRegen  0.11/turn              (no ring)

@: hasted, very quick
A: negative energy resistance 1, electricity resistance, unbreathing,
petrification resistance, rot immunity, AC +4
a: no special abilities


You were on level 2 of the Dungeon.
You were not hungry.

You visited 1 branch of the dungeon, and saw 2 of its levels.

You collected 66 gold pieces.

Inventory:

Hand Weapons
 f - a +0 dagger
 n - a +0 hand axe of chopping (weapon)
Missiles
 b - 92 stones (quivered)
Armour
 c - a +0 robe (worn)
Jewellery
 o - an uncursed ring of ice {unknown}
 p - an uncursed ring of flight {unknown}
Scrolls
 a - a scroll of random uselessness {unknown}
 e - 2 scrolls of identify {unknown}
 h - a scroll of fear {unknown}
 i - 2 scrolls of blinking {unknown}
 j - a scroll of enchant armour {unknown}
 l - a scroll of amnesia {unknown}
Potions
 g - a potion of mutation {unknown}
 k - a potion of agility
Comestibles
 d - a ration
 m - 5 chunks of flesh


   Skills:
 + Level 2.4 Fighting
 - Level 1.5 Dodging
 - Level 2.1 Stealth
 + Level 3.0 Spellcasting
   Level 0.7 Transmutations
 * Level 5.7 Earth Magic


You had 9 spell levels left.
You knew the following spells:

 Your Spells              Type           Power        Failure   Level  Hunger
a - Sandblast             Erth           ###...       1%          1    #......

Your spell library contained the following spells:

 Spells                   Type           Power        Failure   Level  Hunger
 Passwall                 Tmut/Erth      ##......     8%          2    ##.....
 Stone Arrow              Conj/Erth      ##....       17%         3    ###....
 Lee's Rapid Deconstruct  Erth           ###.......   43%         5    ######.
 Petrify                  Tmut/Erth      ##......     45%         4    #####..


Dungeon Overview and Level Annotations

Branches:
Dungeon (2/15)

Altars:
Makhleb
Zin

Annotations:
D:2 Crazy Yiuf


Innate Abilities, Weirdness & Mutations

You are resistant to torment.
Your stone body is resilient. (AC +4)
You are immune to poison.
You resist negative energy. (rN+)
You are resistant to electric shocks. (rElec)
You can survive without breathing.
You are immune to petrification.
You are immune to rotting.


Message History

Crazy Yiuf hits you with a +4 quarterstaff of chaos!
* * * LOW HITPOINT WARNING * * *
Casting: Sandblast (safe; 1% risk of failure)
Confirm with . or Enter, or press ? or * to list all spells.
Aiming: Sandblast (safe; 1% risk of failure)
Press: ? - help, Shift-Dir - straight line, f/p - Crazy Yiuf
Aim: Crazy Yiuf, wielding a +4 quarterstaff of chaos and wearing a +2 cloak (heavily wounded)
The blast of sand hits Crazy Yiuf!
Crazy Yiuf is almost dead.
b - 93 stones
Casting: Sandblast (safe; 1% risk of failure)
Confirm with . or Enter, or press ? or * to list all spells.
Aiming: Sandblast (safe; 1% risk of failure)
Press: ? - help, Shift-Dir - straight line, f/p - Crazy Yiuf
Aim: Crazy Yiuf, wielding a +4 quarterstaff of chaos and wearing a +2 cloak (almost dead)
The blast of sand hits Crazy Yiuf but does no damage.
Crazy Yiuf is almost dead.
b - 92 stones Crazy Yiuf hits you with a +4 quarterstaff of chaos!
You die...

.#.# #.^.............####
.#.# ##########...#'## .#>#
#...#'###### .#.# #####
#........... .#.# #..)#
###......... .#.# #...#
###......... ##.# ...
#........... .#.# #g#
#........... .#.# ♣♣@♣
#........... .#.# ♣.♣♣
#....####### .#.###### ♣♣.♣
#....# .#......# ♣.♣♣
#....####### .######.# ♣♣.♣♣
#.........[. ......#.#
♣...♣♣ #...........
#####.#.# ♣..P.♣
#........... ....#'#'####
#....# #.....######
###........###....####.....#


You could see Crazy Yiuf.

Vanquished Creatures
  An orc wizard (D:2)
  A hound (D:2)
  Jessica (D:2)
  Terence (D:2)
  2 adders (D:2)
  An ooze (D:1)
  2 orcs (D:2)
  5 bats
  A giant cockroach (D:2)
  2 goblins (D:1)
  6 hobgoblins
  2 jackals (D:1)
  2 quokkas (D:2)
  4 frilled lizards
  2 kobolds (D:1)
  3 rats (D:2)
36 creatures vanquished.

Notes
Turn   | Place    | Note
-------+----------+-------------------------------------------
     0 | D:1      | Nattfarinn the Gargoyle Earth Elementalist began the quest
                  | for the Orb.
     0 | D:1      | Reached XP level 1. HP: 10/10 MP: 3/3
   262 | D:1      | Reached skill level 4 in Earth Magic
   262 | D:1      | Reached XP level 2. HP: 16/16 MP: 3/5
   583 | D:1      | Reached skill level 1 in Fighting
   887 | D:1      | Reached XP level 3. HP: 20/20 MP: 3/6
  1142 | D:2      | Noticed Jessica
  1145 | D:2      | Killed Jessica
  1296 | D:2      | Reached XP level 4. HP: 23/26 MP: 3/7
  1429 | D:2      | Noticed Terence
  1438 | D:2      | Killed Terence
  1438 | D:2      | Reached skill level 5 in Earth Magic
  1461 | D:2      | Found a runed translucent door.
  1506 | D:2      | Noticed Crazy Yiuf
  1564 | D:2      | Reached XP level 5. HP: 14/30 MP: 9/9
  1817 | D:2      | Found a burning altar of Makhleb.
  1817 | D:2      | Found a glowing silver altar of Zin.
  1818 | D:2      | Noticed an angel
  1818 | D:2      | Noticed a green death
  2391 | D:2      | Slain by Crazy Yiuf

Levels and vault maps discovered:
D:1:      co_arrival_random_square_maze, layout_basic, item_on_display_a
D:2:      layout_basic, grunt_temple_overflow_order_and_chaos_2, uniq_terence,
          uniq_crazy_yiuf_cottage, uniq_jessica

Skill      XL: |  1  2  3  4  5 |
---------------+----------------+-----
Earth Magic    | 4 5 |  5.7
Fighting       | 1 2 |  2.4
Spellcasting   | 3 |  3.0
Dodging        | |  1.5
Stealth        | |  2.1
Transmutations | |  0.7

Action                   |  1- 3 |  4- 6 || total
-------------------------+-------+-------++-------
Melee: Dagger            |    37 |    12 ||    49
       Hand axe          |       |    20 ||    20
 Cast: Sandblast         |    20 |    26 ||    46
  Eat: Chunk             |     1 |     4 ||     5
Armor: Robe              |    13 |    15 ||    28
Dodge: Dodged            |    35 |    34 ||    69
